[Event "Fagernes GM Open Autumn 2024"]
[Site "Fagernes"]
[Date "2024.10.06"]
[Round "1.10"]
[White "Das, Sayantan"]
[Black "Myagmarsuren, Evsuld"]
[Result "1/2-1/2"]
[ECO "B27"]
[WhiteElo "2471"]
[BlackElo "2171"]
[Annotator "TA"]
[PlyCount "85"]
[EventDate "2024.10.03"]
[EventType "swiss"]
[EventCountry "NOR"]
[SourceTitle "playchess.com"]
[Source "ChessBase"]
[SourceQuality "1"]
[TimeControl "40/6000:2400+30"]

1. e4 c5 2. Nf3 g6 3. c3 d5 4. e5 Nc6 5. h3 Qa5 6. Na3 Bd7 7. d3 (7. Bb5 $142) 7... Bg7 $11 8. Bf4 {[%emt 0:08:38] Black is slightly better.} g5 9. Bg3 (9. Bxg5 $11 Nxe5 10. Be2) 9... g4 10. hxg4 Bxg4 11. Be2 e6 (11... h5 $11) 12. Ng5 (12. Nd2 $14 Bf5 13. f4) 12... Bxe2 13. Qxe2 {[%emt 0:00:00][%cal Oe2f3] With the idea Qf3!} h6 $1 14. Nf3 Nge7 15. Kf1 b5 16. d4 c4 17. Nc2 b4 18. Qd2 bxc3 19. bxc3 Rb8 20. Ne3 Qa3 21. Kg1 Ng6 22. Ng4 Qb2 23. Qe1 Qc2 (23... h5 $11 24. Nf6+ Bxf6 25. exf6 Rb6) 24. Nf6+ Bxf6 25. exf6 Rb2 26. Nh4 (26. Rh5 {with more complications.} Kd7 27. a4 Qe2 28. Qc1) 26... Nxh4 27. Rxh4 Rxa2 ({Black should try} 27... Nd8 $11) 28. Rxa2 $14 Qxa2 {[%emt 0:00:00] Black is weak on the dark squares} 29. Qc1 (29. Rh5 {is more complex.} Kd7 30. Kh2 Qc2 31. Qa1) 29... a5 (29... Qa5 $11) 30. Qf4 $16 {[%emt 0:01:24][%mdl 1024] White has strong compensation. White is more active.} Qb1+ (30... Qa1+ 31. Kh2 Qa4 (31... Qxc3 $2 32. Qd6 $18) 32. Qc7 $18 (32. Rxh6 Rxh6+ 33. Qxh6 Qc2 $11)) 31. Kh2 Qb7 {[%emt 0:00:07] Prevents Qc7.} 32. Qg4 {[%emt 0:00:40] Hoping for Qg7.} (32. Rxh6 $6 Rxh6+ 33. Qxh6 Qb1 $11) 32... Qb1 $1 33. Qf4 Qb7 {[%emt 0:00:00] [#] Inhibits Qc7.} 34. Rxh6 (34. Qd6 $1 $16) 34... Rxh6+ $11 {[%emt 0:00:00] The position is equal.} 35. Qxh6 $16 {[%emt 0:00:00][%mdl 4096] Endgame. Qg7 would now be deadly. KQB-KQN} Qb1 $1 36. Bd6 {[%emt 0:01:33] And now Qf8+ would win.} Qg6 37. Qh8+ Kd7 38. Bc5 Qf5 39. Qg7 Qh5+ 40. Kg1 {[%emt 0:00:00] [#] Black must now prevent g4.} ({Don't play} 40. Kg3 e5 41. dxe5 Qxe5+ 42. f4 Qe6 $15 (42... Qxc3+ 43. Kh2 $11)) 40... Qd1+ 41. Kh2 Qh5+ 42. Kg1 {[%emt 0:00:00] Threatens to win with g4.} ({Reject} 42. Kg3 e5 43. dxe5 Qxe5+ 44. f4 Qe6 $15 (44... Qxc3+ 45. Kh2 $11)) 42... Qd1+ 43. Kh2 {[%emt 0:00:00] Weighted Error Value: White=0.20 (precise) /Black=0.17 (very precise) .  Mistake:       	White=4     	Black=4      Inaccurate:     	White=2     	Black=4      OK:         	White=9     	Black=10     Best:        	White=3     	Black=3      Strong:       	---       	Black=3} 1/2-1/2

[Event "Fagernes GM Open Autumn 2024"]
[Site "Fagernes"]
[Date "2024.10.06"]
[Round "1.11"]
[White "Advaitt Srikant Koduri"]
[Black "Aizenberg, Benny"]
[Result "0-1"]
[ECO "A48"]
[WhiteElo "2162"]
[BlackElo "2423"]
[Annotator "TA"]
[PlyCount "76"]
[EventDate "2024.10.03"]
[EventType "swiss"]
[EventCountry "NOR"]
[SourceTitle "playchess.com"]
[Source "ChessBase"]
[SourceQuality "1"]
[TimeControl "40/6000:2400+30"]

1. d4 Nf6 2. Nf3 g6 3. Bf4 Bg7 4. e3 O-O 5. Be2 d6 6. h3 c5 7. c3 Qb6 8. Qb3 Be6 9. Qxb6 axb6 10. a3 cxd4 11. exd4 Nd5 12. Bh2 Bh6 {[%emt 0:00:00] Die Stellung ist ausgeglichen.} 13. Nbd2 Nf4 14. Bxf4 Bxf4 15. O-O Rc8 16. Rfe1 Nd7 17. Bd3 Nf6 18. g3 Bh6 19. h4 Rc7 20. Ng5 Bd5 21. Re2 Bg7 22. Rae1 Kf8 23. f3 h6 24. Nh3 Bc6 25. Nf4 Rd8 26. Bb1 {[%emt 0:12:29] [#]} (26. Ng2 $11 {hält das Gleichgewicht.}) 26... e5 $1 $17 27. dxe5 dxe5 28. Nd3 Rcd7 {[%emt 0:04:16] Schwarz steht aktiver.} 29. Re3 {[%emt 0:01:13] [#] Danach ist Weiß chancenlos.} (29. Nc4 $17 {war die einzige Verteidigung.} Rxd3 30. Bxd3 Rxd3 31. Nxe5) 29... Nd5 $1 $19 30. R3e2 {[%emt 0:01:27][%cal Od2f1] [#]} Ne7 $1 31. Nc4 Rxd3 32. Bxd3 Rxd3 33. Nxe5 $2 (33. Rd2 Rxd2 (33... Rxf3 $2 {ist das falsche Schlagen.} 34. Rd8+ Be8 35. Nd6 $18) 34. Nxd2) 33... Bxe5 {[%emt 0:00:00] Schwarz steht klar auf Gewinn.} 34. Rxe5 Nf5 35. Kh2 Bxf3 {[%emt 0:00:28] Weiss muss nun ...Rd2+ beachten.} 36. Kh3 h5 {[%emt 0:00:00] Und jetzt ...Rd2 wäre schön.} 37. Rf1 Bg4+ 38. Kg2 Ne3+ {[%emt 0:00:00] Gewichteter Fehlerwert: Weiß=0.35/Schwarz=0.05 (makellos) .  Fehler:       	Weiß=3     	---        Ungenau:       	Weiß=2     	---        OK:         	Weiß=7     	Schwarz=12    Bester:       	---       	Schwarz=1     Stark:        	---       	Schwarz=2     Brilliant:      	---       	Schwarz=1} 0-1

[Event "Fagernes GM Open Autumn 2024"]
[Site "Fagernes"]
[Date "2024.10.06"]
[Round "1.12"]
[White "Willow, Jonah B"]
[Black "Kanyamarala, Trisha"]
[Result "1-0"]
[ECO "B67"]
[WhiteElo "2420"]
[BlackElo "2160"]
[Annotator "TA"]
[PlyCount "101"]
[EventDate "2024.10.03"]
[EventType "swiss"]
[EventCountry "NOR"]
[SourceTitle "playchess.com"]
[Source "ChessBase"]
[SourceQuality "1"]
[TimeControl "40/6000:2400+30"]

1. e4 c5 2. Nf3 d6 3. d4 cxd4 4. Nxd4 Nf6 5. Nc3 Nc6 6. Bg5 e6 7. Qd2 a6 8. O-O-O Bd7 9. Kb1 b5 10. Nxc6 Bxc6 11. f3 Qb6 {[%emt 0:03:27] The position is equal.} 12. h4 Be7 13. g4 h6 14. Be3 Qb7 15. Bg2 O-O-O 16. Qf2 Nd7 17. Bd4 Rh7 ({Black should try} 17... Rhg8 $14) 18. Ne2 $16 Ne5 19. b3 Kb8 20. Bb2 Rc8 21. Nd4 Bd7 22. Qd2 Nc6 23. Ne2 b4 24. f4 Na7 25. Nd4 a5 26. g5 ({Better is} 26. a4) 26... hxg5 (26... Nb5 $142) 27. hxg5 (27. fxg5 $6 g6 $11) 27... Rch8 28. Rxh7 Rxh7 29. e5 d5 {[%emt 0:00:00] [#]} 30. f5 $1 g6 31. fxg6 fxg6 32. Qd3 {[%emt 0:00:12] Prevents Nb5.} Rh5 33. Bc1 $36 {[%emt 0:00:07][%mdl 2048] Keeping Black busy. White is more active.} Rh2 (33... Bc5 $16 {might work better.}) 34. Qg3 ({Only move:} 34. Bh3 $1 $18) 34... Rh7 $14 35. Qd3 (35. Bf1 $14) 35... Rh2 $18 {[%emt 0:01:51][%cal Bh7h2,Bh2e2,Be2e4][%mdl 32] White now steadily converts the win.} 36. Bh3 Nb5 {[%emt 0:06:42] [#]} (36... Nc6 {was called for.}) 37. Nxb5 $1 Bxb5 38. Qg3 (38. Qxg6 Rxh3 39. Qxe6 Rh2 $14) 38... Re2 39. Bg4 {[%emt 0:00:00][%cal Od1h1] Hoping for Rh1!} (39. Bxe6 $2 {perishes.} Qc6 40. Rd2 Qxe6 $19) 39... Re4 40. Bxe6 Qc7 41. Bxd5 ({Less strong is} 41. Rxd5 Bc6 42. Rd1 Bc5 $18) 41... Re2 {[%emt 0:01:02] [#]} 42. Bd2 $1 {[%emt 0:02:04] aiming for Bf3.} Ka7 {[%emt 0:01:54] [#]} (42... Bc5 $142 43. Bf3 Rf2) 43. Re1 $1 Rxe1+ 44. Qxe1 ({Weaker is} 44. Bxe1 Be8 45. Bd2 Bc5 $18) 44... Qd8 (44... Bc5 $142 45. Qe4 Be8) 45. Bh1 {[%emt 0:01:27][%cal Oe1e4] White wants to mate with Qe4!} Ba6 46. e6 Bc5 {[%emt 0:00:28] Repels Qg1} 47. Be3 Bxe3 48. Qxe3+ Qb6 49. Qe4 Qg1+ 50. Kb2 Qxg5 51. Qd4+ {[%emt 0:00:04] Weighted Error Value: White=0.22 (precise) /Black=0.57.  Mistake:       	White=3     	Black=6      Inaccurate:     	White=2     	Black=6      OK:         	White=16    	Black=9      Best:        	---       	Black=4      Strong:       	White=2     	---        Brilliant:      	White=1     	---} 1-0

[Event "Fagernes GM Open Autumn 2024"]
[Site "Fagernes"]
[Date "2024.10.06"]
[Round "1.13"]
[White "Southcott-Moyers, Indy"]
[Black "Hansen, Torbjorn Ringdal"]
[Result "1/2-1/2"]
[ECO "E62"]
[WhiteElo "2143"]
[BlackElo "2415"]
[Annotator "TA"]
[PlyCount "77"]
[EventDate "2024.10.03"]
[EventType "swiss"]
[EventCountry "NOR"]
[SourceTitle "playchess.com"]
[Source "ChessBase"]
[SourceQuality "1"]
[TimeControl "40/6000:2400+30"]

1. d4 Nf6 2. c4 g6 3. g3 Bg7 4. Bg2 O-O 5. Nc3 d6 6. h3 Nc6 7. Nf3 Bd7 8. e4 e5 {[%emt 0:01:06] [#] aiming for ...exd4.} 9. d5 Nd4 {[%emt 0:00:00] White has an edge.} 10. Be3 Nxf3+ 11. Bxf3 a5 (11... Ne8 $14) 12. Qd2 a4 13. a3 Qe7 14. O-O-O Rfb8 15. Be2 Qf8 16. g4 c6 17. f3 cxd5 18. cxd5 b5 {[%emt 0:05:29] [#] Hoping for ...b4.} 19. Na2 Be8 20. Kb1 Nd7 21. Bd3 Nc5 22. Bc2 Nb7 23. Nb4 {[%emt 0:04:09] White has more active pieces.} Na5 24. Qe2 Nc4 25. Bd3 f5 26. Bxc4 bxc4 27. Bd2 (27. gxf5 $16 gxf5 28. Qxc4) 27... Bb5 $11 {[%emt 0:02:12][%cal Oc4c3] ...c3! would now be deadly.} 28. Bc3 {[%emt 0:00:54] Black should prevent gxf5.} Rb7 (28... fxe4 $11 29. fxe4 Bh6) 29. gxf5 $16 gxf5 30. Rhg1 f4 31. Qg2 Kh8 32. Na2 Bf6 33. Rc1 Bd8 (33... Rg7 {simplifies} 34. Qf2 Rxg1 35. Rxg1 Qb8) 34. Be1 Rab8 {[%emt 0:00:40] The position is equal.} 35. Nb4 Bb6 36. Bf2 Ba5 37. Be1 Bb6 38. Bf2 Ba5 39. Be1 {[%emt 0:00:00] Weighted Error Value: White=0.10 (very precise) /Black=0.10 (very precise) .  Mistake:       	White=1     	Black=2      Inaccurate:     	White=4     	Black=2      OK:         	White=13    	Black=16     Best:        	White=1     	---} 1/2-1/2

[Event "Fagernes GM Open Autumn 2024"]
[Site "Fagernes"]
[Date "2024.10.06"]
[Round "1.14"]
[White "Sherman, Raem"]
[Black "Mannion, Stephen R"]
[Result "1/2-1/2"]
[ECO "A13"]
[WhiteElo "2390"]
[BlackElo "2142"]
[Annotator "TA"]
[PlyCount "87"]
[EventDate "2024.10.03"]
[EventType "swiss"]
[EventCountry "NOR"]
[SourceTitle "playchess.com"]
[Source "ChessBase"]
[SourceQuality "1"]
[TimeControl "40/6000:2400+30"]

1. Nf3 d5 2. e3 Nf6 3. c4 e6 4. b3 c5 5. Bb2 Nc6 6. cxd5 exd5 7. Bb5 Bd6 8. O-O O-O 9. d4 cxd4 10. Nxd4 Bd7 11. Nd2 Re8 12. Rc1 Rc8 13. N2f3 {[%emt 0:06:41] White has an edge.} Qe7 14. Qe2 Ba3 15. Nxc6 bxc6 16. Ba6 Rb8 17. Bd3 Rb6 18. h3 Ne4 19. Bxa3 Qxa3 20. Qc2 h6 21. Rfd1 a5 22. Nd4 a4 23. Bxe4 (23. bxa4 Rb2 24. Bxe4 Rxc2 25. Bxc2 c5 $17 (25... Qxa2 26. Ra1 $15)) 23... Rxe4 24. Rd3 axb3 25. axb3 Re8 26. Rc3 Rc8 27. Rc5 Rcb8 28. Qd1 Rc8 29. Qh5 Qa6 30. Qe5 Qb7 31. Qe7 Re8 32. Qd6 Rc8 33. R1c3 Ra6 {[%emt 0:00:00] [#]} 34. e4 {[%emt 0:02:00] White is more active.} dxe4 $11 35. Rg3 Qc7 36. Qe7 {[%emt 0:00:00][%mdl 8192] [#]} (36. Qxh6 $2 Qxg3 37. fxg3 gxh6 $19) (36. Qxc7 $11 Ra1+ (36... Rxc7 37. Re3 $11) 37. Kh2 Rxc7 38. Re3) 36... Ra1+ $1 $19 37. Kh2 {[%emt 0:00:00] Nb5 would now be deadly.} Re8 38. Qh4 (38. Nxc6 $2 Qxc6 $19 (38... Rxe7 $2 39. Nxe7+ Kf8 40. Ng6+ fxg6 41. Rxc7 $18) (38... Rxe7 $2 39. Nxe7+ Kf8 40. Ng6+ fxg6 41. Rxc7 $18)) 38... Qd6 $2 (38... e3 $19 {and Black stays clearly on top.} 39. fxe3 Rxe3) 39. Rh5 Kf8 ({Of course not} 39... Qxd4 $6 40. Rxh6 f5 (40... Qxf2 41. Rh8#) (40... g6 41. Rhxg6+ fxg6 42. Rxg6+ Kf8 43. Rf6+ Ke7 44. Rxc6+ Kf7 45. Qf4+ Kg7 46. Qg5+ Kf7 47. Qf4+ Kg7 48. Qg3+ Kf8 49. Qf4+ Ke7 50. Qh4+ Kf7 51. Qf4+ $11) 41. Rh7 $11 (41. Rhg6 Ra7 $19)) 40. Nf5 Bxf5 41. Rxf5 e3 (41... Re6 $17 42. Qh5 Ra7) 42. Qc4 f6 43. fxe3 Rxe3 44. Qc5 {[%emt 0:00:00] Weighted Error Value: White=0.27 (precise) /Black=0.21 (precise) .  Loses game:     	White=1     	---        Missed win:     	---       	Black=1      Mistake:       	White=1     	Black=1      Inaccurate:     	White=3     	Black=3      OK:         	White=13    	Black=10     Best:        	White=1     	Black=2      Strong:       	---       	Black=1} 1/2-1/2

[Event "Fagernes GM Open Autumn 2024"]
[Site "Fagernes"]
[Date "2024.10.06"]
[Round "1.15"]
[White "Aamodt, Peder Marcus"]
[Black "Moksh Amit Doshi"]
[Result "1/2-1/2"]
[ECO "C70"]
[WhiteElo "2126"]
[BlackElo "2377"]
[Annotator "RC"]
[PlyCount "91"]
[EventDate "2024.10.03"]
[EventType "swiss"]
[EventCountry "NOR"]
[SourceTitle "playchess.com"]
[Source "ChessBase"]
[SourceQuality "1"]
[TimeControl "40/6000:2400+30"]

1. e4 e5 2. Nf3 Nc6 3. Bb5 a6 4. Ba4 Bc5 5. c3 Nge7 6. d4 exd4 7. cxd4 Bb4+ 8. Bd2 Bxd2+ 9. Qxd2 d5 10. exd5 Qxd5 11. O-O O-O 12. Nc3 Qd6 13. d5 Nb4 14. Bb3 Bf5 15. Rad1 Rad8 16. Nd4 Bg6 17. Nde2 Nd3 18. Ng3 Qf4 19. Qxf4 Nxf4 20. Rfe1 Nc8 21. Nge4 Rfe8 22. g3 Bxe4 23. Nxe4 Ng6 24. Kg2 Kf8 25. h4 Re7 26. h5 Ne5 27. h6 gxh6 28. f4 Nd7 29. Nf2 Nf6 30. Re5 Nb6 31. Rf5 Kg7 32. g4 Red7 33. g5 hxg5 34. Rxg5+ Kf8 35. Rf5 Nfxd5 36. Kf3 c5 37. Rh1 c4 38. Bc2 Nb4 39. Be4 c3 40. bxc3 Nxa2 41. Rxh7 Nxc3 42. Rh8+ Kg7 43. Rxd8 Rxd8 44. Bxb7 Nb5 45. Rg5+ Kf8 46. Bxa6 1/2-1/2

[Event "Fagernes GM Open Autumn 2024"]
[Site "Fagernes"]
[Date "2024.10.06"]
[Round "1.16"]
[White "Wallace, John Paul"]
[Black "Gaikwad, Siddhant"]
[Result "1-0"]
[ECO "D31"]
[WhiteElo "2373"]
[BlackElo "2039"]
[Annotator "RC"]
[PlyCount "41"]
[EventDate "2024.10.03"]
[EventType "swiss"]
[EventCountry "NOR"]
[SourceTitle "playchess.com"]
[Source "ChessBase"]
[SourceQuality "1"]
[TimeControl "40/6000:2400+30"]

1. Nf3 d5 2. d4 e6 3. c4 a6 4. cxd5 exd5 5. Nc3 h6 6. Bf4 Nf6 7. e3 Bd6 8. Be5 c6 9. Bd3 O-O 10. O-O Bg4 11. h3 Bxf3 12. gxf3 Re8 13. f4 Bf8 14. Kh2 Nbd7 15. Rg1 b5 16. Qf3 b4 17. Ne2 Ne4 18. Bxg7 Bxg7 19. Bxe4 dxe4 20. Qg4 Qf6 21. Ng3 1-0

[Event "Fagernes GM Open Autumn 2024"]
[Site "Fagernes"]
[Date "2024.10.06"]
[Round "1.17"]
[White "Harish, Neeraj"]
[Black "Kanyamarala, Tarun"]
[Result "1/2-1/2"]
[ECO "B43"]
[WhiteElo "2024"]
[BlackElo "2369"]
[Annotator "RC"]
[PlyCount "93"]
[EventDate "2024.10.03"]
[EventType "swiss"]
[EventCountry "NOR"]
[SourceTitle "playchess.com"]
[Source "ChessBase"]
[SourceQuality "1"]
[TimeControl "40/6000:2400+30"]

1. e4 c5 2. Nf3 e6 3. d4 cxd4 4. Nxd4 a6 5. Nc3 Qc7 6. Bd3 Nf6 7. Qe2 Bb4 8. Bd2 d6 9. g4 Bc5 10. Nb3 Nc6 11. O-O-O Ne5 12. g5 Nfd7 13. f4 Nxd3+ 14. Qxd3 b5 15. Rhe1 Bb7 16. f5 Ne5 17. Qh3 exf5 18. exf5 O-O 19. Ne4 Bxe4 20. Rxe4 Rac8 21. c3 Qb7 22. Nxc5 Rxc5 23. Rh4 Qf3 24. Qxf3 Nxf3 25. Rf4 Nxd2 26. Rxd2 Rd8 27. h4 g6 28. fxg6 fxg6 29. Rf6 Rc6 30. Rd4 Kg7 31. Kd2 Rd7 32. Re4 Rf7 33. Rxf7+ Kxf7 34. Kd3 Rc5 35. a4 d5 36. Rf4+ Ke7 37. Rf6 a5 38. Rb6 bxa4 39. Rb7+ Ke6 40. Rxh7 Rb5 41. Ra7 Rxb2 42. Rxa5 Ra2 43. Ra6+ Ke5 44. Rxg6 Rh2 45. Ra6 Rxh4 46. g6 Rg4 47. g7 1/2-1/2

[Event "Fagernes GM Open Autumn 2024"]
[Site "Fagernes"]
[Date "2024.10.06"]
[Round "1.18"]
[White "Sidhant, Mohapatra"]
[Black "Kaewpitakkun, Pantham"]
[Result "1-0"]
[ECO "B50"]
[WhiteElo "2369"]
[BlackElo "2023"]
[Annotator "RC"]
[PlyCount "57"]
[EventDate "2024.10.03"]
[EventType "swiss"]
[EventCountry "NOR"]
[SourceTitle "playchess.com"]
[Source "ChessBase"]
[SourceQuality "1"]
[TimeControl "40/6000:2400+30"]

1. e4 c5 2. Nf3 d6 3. Nc3 Nf6 4. e5 dxe5 5. Nxe5 a6 6. g3 e6 7. Bg2 Be7 8. d3 O-O 9. a4 Nbd7 10. Nc4 Nb6 11. Ne3 Nbd5 12. O-O b6 13. Ncxd5 exd5 14. Qf3 Bb7 15. Nf5 Nd7 16. Bf4 Bf6 17. Rae1 g6 18. Nh6+ Kg7 19. Ng4 Bg5 20. Bd6 Re8 21. h4 Be7 22. Bf4 h5 23. Ne3 Nf6 24. Be5 Kg8 25. c3 Ra7 26. Bxf6 Bxf6 27. Nxd5 Bxd5 28. Qxd5 Qxd5 29. Rxe8+ 1-0

[Event "Fagernes GM Open Autumn 2024"]
[Site "Fagernes"]
[Date "2024.10.06"]
[Round "1.19"]
[White "Bjorkan, Olav"]
[Black "Namitbir Singh Walia"]
[Result "1/2-1/2"]
[ECO "D85"]
[WhiteElo "2022"]
[BlackElo "2351"]
[Annotator "RC"]
[PlyCount "70"]
[EventDate "2024.10.03"]
[EventType "swiss"]
[EventCountry "NOR"]
[SourceTitle "playchess.com"]
[Source "ChessBase"]
[SourceQuality "1"]
[TimeControl "40/6000:2400+30"]

1. d4 Nf6 2. c4 g6 3. Nc3 d5 4. Nf3 Bg7 5. cxd5 Nxd5 6. e4 Nxc3 7. bxc3 c5 8. Bb5+ Nc6 9. Bxc6+ bxc6 10. O-O O-O 11. Be3 Bg4 12. Rc1 Qa5 13. Qc2 Bxf3 14. gxf3 Rad8 15. dxc5 f5 16. Qb3+ Kh8 17. Qe6 Qc7 18. Rfd1 Rf6 19. Rxd8+ Qxd8 20. Qb3 fxe4 21. fxe4 Qc8 22. Qd1 Qe6 23. Rb1 Rf8 24. Bd4 Qxe4 25. Bxg7+ Kxg7 26. Qd4+ Qxd4 27. cxd4 Rd8 28. Rb7 Kf7 29. Rxa7 Rxd4 30. Ra6 h5 31. Kg2 Rc4 32. Rxc6 Ra4 33. Rc8 Rxa2 34. c6 Rc2 35. c7 Ke6 1/2-1/2

[Event "Fagernes GM Open Autumn 2024"]
[Site "Fagernes"]
[Date "2024.10.06"]
[Round "1.20"]
[White "Carlsson, Ludvig"]
[Black "Kittilsen, Sigurd"]
[Result "1-0"]
[ECO "B36"]
[WhiteElo "2334"]
[BlackElo "1981"]
[Annotator "RC"]
[PlyCount "59"]
[EventDate "2024.10.03"]
[EventType "swiss"]
[EventCountry "NOR"]
[SourceTitle "playchess.com"]
[Source "ChessBase"]
[SourceQuality "1"]
[TimeControl "40/6000:2400+30"]

1. e4 c5 2. Nf3 g6 3. d4 cxd4 4. Nxd4 Nc6 5. c4 Nf6 6. Nc3 d6 7. Be2 Nxd4 8. Qxd4 Bg7 9. O-O O-O 10. Qd3 Be6 11. Be3 Qa5 12. Bd2 Rfc8 13. b3 Nd7 14. f4 Nc5 15. Qe3 Nd7 16. f5 gxf5 17. exf5 Bxf5 18. Nd5 Qc5 19. Nxe7+ Kf8 20. Nxf5 Bxa1 21. Qxc5 Rxc5 22. Rxa1 Re8 23. Ng3 Rce5 24. Bf3 Nc5 25. b4 Nd3 26. Bxb7 Rb8 27. Be4 Nxb4 28. Rb1 Na6 29. Rxb8+ Nxb8 30. Bf4 1-0

[Event "Fagernes GM Open Autumn 2024"]
[Site "Fagernes"]
[Date "2024.10.06"]
[Round "1.21"]
[White "Hetland, Even"]
[Black "Laddha, Shubh Jayesh"]
[Result "0-1"]
[ECO "D73"]
[WhiteElo "1970"]
[BlackElo "2308"]
[Annotator "RC"]
[PlyCount "66"]
[EventDate "2024.10.03"]
[EventType "swiss"]
[EventCountry "NOR"]
[SourceTitle "playchess.com"]
[Source "ChessBase"]
[SourceQuality "1"]
[TimeControl "40/6000:2400+30"]

1. Nf3 d5 2. g3 g6 3. Bg2 Bg7 4. d4 c6 5. O-O Nf6 6. c4 dxc4 7. Ne5 Ng4 8. Bf4 Nxe5 9. Bxe5 Bxe5 10. dxe5 Qxd1 11. Rxd1 Be6 12. f4 Nd7 13. Na3 O-O-O 14. Nc2 Nc5 15. Nd4 Bd5 16. Rac1 Ne6 17. Bh3 Kc7 18. Bxe6 Bxe6 19. Nxe6+ fxe6 20. Kf2 b5 21. e4 Kb6 22. g4 Kc5 23. Ke3 b4 24. f5 gxf5 25. exf5 exf5 26. gxf5 Rd5 27. Kf4 Rhd8 28. Re1 Rd2 29. a3 bxa3 30. bxa3 Rf2+ 31. Kg4 Rg8+ 32. Kh3 Rxf5 33. Re4 Rh5+ 0-1

[Event "Fagernes GM Open Autumn 2024"]
[Site "Fagernes"]
[Date "2024.10.06"]
[Round "1.22"]
[White "Eliseev, Sergey"]
[Black "Sorgjerd, Jan"]
[Result "1-0"]
[ECO "B99"]
[WhiteElo "2276"]
[BlackElo "1966"]
[Annotator "RC"]
[PlyCount "105"]
[EventDate "2024.10.03"]
[EventType "swiss"]
[EventCountry "NOR"]
[SourceTitle "playchess.com"]
[Source "ChessBase"]
[SourceQuality "1"]
[TimeControl "40/6000:2400+30"]

1. e4 c5 2. Nf3 d6 3. d4 cxd4 4. Nxd4 Nf6 5. Nc3 a6 6. Bg5 e6 7. f4 Be7 8. Qf3 Qc7 9. O-O-O Nbd7 10. g4 b5 11. Bxf6 Nxf6 12. g5 Nd7 13. f5 Nc5 14. f6 gxf6 15. gxf6 Bf8 16. Rg1 Bd7 17. Bh3 b4 18. Nce2 O-O-O 19. Kb1 Qb7 20. e5 Qxf3 21. Nxf3 Ne4 22. Rd4 d5 23. Ng5 Nxg5 24. Rxg5 Bb5 25. Nc1 a5 26. Rh4 h6 27. Rg3 Kc7 28. Nb3 Kb6 29. Nd4 Ba6 30. Bg4 Bc5 31. Bh5 Rhf8 32. Rg7 Bxd4 33. Rxd4 Kc5 34. Rdg4 d4 35. Rxf7 Be2 36. Rxf8 Rxf8 37. Rh4 Bxh5 38. Rxh5 Kd5 39. Kc1 Rf7 40. Kd2 Ke4 41. h4 Rh7 42. Ke2 Rc7 43. Kd2 Rh7 44. b3 Rf7 45. Rxh6 Kxe5 46. Kd3 Rc7 47. h5 Rc3+ 48. Kd2 Rh3 49. f7 Rf3 50. Rh7 Kd6 51. h6 Ke7 52. Rg7 Rxf7 53. h7 1-0

[Event "Fagernes GM Open Autumn 2024"]
[Site "Fagernes"]
[Date "2024.10.06"]
[Round "1.23"]
[White "Stromhaug, Kristoffer Wang"]
[Black "Oksendal, Martin"]
[Result "0-1"]
[ECO "B90"]
[WhiteElo "1960"]
[BlackElo "2271"]
[Annotator "RC"]
[PlyCount "50"]
[EventDate "2024.10.03"]
[EventType "swiss"]
[EventCountry "NOR"]
[SourceTitle "playchess.com"]
[Source "ChessBase"]
[SourceQuality "1"]
[TimeControl "40/6000:2400+30"]

1. e4 c5 2. Nf3 d6 3. d4 cxd4 4. Nxd4 Nf6 5. Nc3 a6 6. h3 e5 7. Nb3 Be6 8. f4 b5 9. f5 Bc8 10. Qf3 Bb7 11. a4 Nxe4 12. axb5 Qh4+ 13. g3 Qxg3+ 14. Qxg3 Nxg3 15. Rg1 Nxf1 16. Rxf1 axb5 17. Rxa8 Bxa8 18. Nxb5 Bg2 19. Rf2 Bxh3 20. Nc7+ Kd7 21. Nd5 Be7 22. Nxe7 Kxe7 23. Nd2 Nc6 24. c3 d5 25. Nb3 h5 0-1

[Event "Fagernes GM Open Autumn 2024"]
[Site "Fagernes"]
[Date "2024.10.06"]
[Round "1.24"]
[White "Sieber, Fiona"]
[Black "Rustan, Elias Buschmann"]
[Result "1-0"]
[ECO "B12"]
[WhiteElo "2264"]
[BlackElo "1941"]
[Annotator "RC"]
[PlyCount "71"]
[EventDate "2024.10.03"]
[EventType "swiss"]
[EventCountry "NOR"]
[SourceTitle "playchess.com"]
[Source "ChessBase"]
[SourceQuality "1"]
[TimeControl "40/6000:2400+30"]

1. e4 c6 2. d4 d5 3. e5 c5 4. dxc5 e6 5. a3 Bxc5 6. Qg4 Ne7 7. Nf3 Ng6 8. Bd3 Nd7 9. O-O O-O 10. Qh5 f6 11. b4 Be7 12. Bxg6 hxg6 13. Qxg6 Nxe5 14. Nxe5 fxe5 15. Bb2 Bf6 16. Nd2 Bd7 17. Nf3 Qc7 18. Rfe1 d4 19. Rac1 Bc6 20. Nxe5 Qd6 21. Nxc6 bxc6 22. Rcd1 e5 23. c3 c5 24. Qd3 cxb4 25. Qc4+ Kh8 26. Rd3 g6 27. cxd4 exd4 28. Rxd4 Bxd4 29. Bxd4+ Kh7 30. Be5 Qd2 31. Qc7+ Kh6 32. Bg7+ Kh5 33. g4+ Kxg4 34. Qg3+ Kh5 35. Qh3+ Kg5 36. Bh6+ 1-0

[Event "Fagernes GM Open Autumn 2024"]
[Site "Fagernes"]
[Date "2024.10.06"]
[Round "1.25"]
[White "Simonsen, David Mindestrommen"]
[Black "Fiskaaen, Martin Holten"]
[Result "0-1"]
[ECO "C02"]
[WhiteElo "1930"]
[BlackElo "2259"]
[Annotator "ChessBase"]
[PlyCount "44"]
[EventDate "2024.10.03"]
[EventType "swiss"]
[EventCountry "NOR"]
[SourceTitle "playchess.com"]
[Source "ChessBase"]
[SourceQuality "1"]
[TimeControl "40/6000:2400+30"]

1. e4 e6 2. d4 d5 3. e5 c5 4. c3 Nc6 5. Nf3 Bd7 6. Be2 f6 7. O-O fxe5 8. dxe5 Nh6 9. Bd3 Qc7 10. Bf4 Be7 11. a3 Nf7 12. h4 O-O-O 13. b4 c4 14. Bc2 Rdf8 15. Re1 Nh6 16. Qd2 Nf5 17. g3 Be8 18. a4 Bh5 19. Ng5 Bxg5 20. hxg5 h6 21. Na3 hxg5 22. Nb5 Bf3 0-1